 Dungeon Crawl Stone Soup version 0.29.1-1-gd02db6906a (webtiles) character file.

Game seed: 11939639542940152166

8 Ashen the Firebug (level 2, 9/19 HPs)
             Began as a Demonspawn Fire Elementalist on Oct 12, 2022.
             Got out of the dungeon alive.
             The game lasted 00:00:42 (306 turns).

Ashen the Firebug (Demonspawn Fire Elementalist)     Turns: 306, Time: 00:00:43

Health: 9/19       AC:  2    Str:  8    XL:     2   Next: 0%
Magic:  5/5        EV: 12    Int: 16    God:
Gold:   11         SH:  0    Dex: 13    Spells: 4/5 levels left

rFire   . . .      SeeInvis .   (no weapon)
rCold   . . .      Faith    .   (no shield)
rNeg    . . .      Spirit   .   a - +0 robe
rPois   .          Reflect  .   (no helmet)
rElec   .          Harm     .   (no cloak)
rCorr   .          Rampage  .   (no gloves)
Will    .....                   (no boots)
Stlth   ++........              (no amulet)
HPRegen 0.06/turn               (no ring)
MPRegen 0.09/turn               (no ring)

@: no status effects
A: demonic magic 1
a: no special abilities


You escaped.
You visited 1 branch of the dungeon, and saw 1 of its levels.

You collected 11 gold pieces.

Inventory:

Armour
 a - a +0 robe (worn)
Scrolls
 c - a scroll of teleportation {unknown}
Potions
 b - a potion of magic


   Skills:
 + Level 0.1 Fighting
 + Level 1.8 Dodging
 + Level 1.9 Stealth
 * Level 2.1 Spellcasting
 * Level 1.2 Conjurations
 * Level 2.8 Fire Magic


You had 4 spell levels left.
You knew the following spells:

 Your Spells              Type           Power      Damage    Failure   Level
a - Foxfire               Conj/Fire      32%        2x1d5     9%          1

Your spell library contained the following spells:

 Spells                   Type           Power      Damage    Failure   Level
 Scorch                   Fire           20%        2d6       10%         2
 Conjure Flame            Conj/Fire      8%         6-21      26%         3
 Inner Flame              Hex/Fire       6%         N/A       34%         3
 Flame Wave               Conj/Fire      8%         2d5       65%         4


Dungeon Overview and Level Annotations

Branches:
Dungeon (1/15)

Altars:


Innate Abilities, Weirdness & Mutations

Spells you cast may paralyse adjacent enemies.


Message History

A quokka comes into view.
Found a stone staircase leading down.
Casting: Foxfire (safe; 9% risk of failure)
Confirm with . or Enter, or press ? or * to list all spells.
You conjure some foxfire!
The foxfire hits the quokka.
The quokka is moderately wounded.
The foxfire hits the quokka.
The quokka is heavily wounded.
Casting: Foxfire (safe; 9% risk of failure)
Confirm with . or Enter, or press ? or * to list all spells.
You conjure some foxfire!
The quokka bites you. The quokka attacks as you move away!
The quokka closely misses you.
The foxfire hits the quokka.
The quokka is severely wounded.
The foxfire hits the quokka.
The quokka is almost dead.
You hit the quokka but do no damage.
The quokka is almost dead.
The quokka bites you.
Casting: Foxfire (safe; 9% risk of failure)
Confirm with . or Enter, or press ? or * to list all spells.
You conjure some foxfire!
The quokka bites you.
* * * LOW HITPOINT WARNING * * *
You miss the quokka.
The quokka is almost dead.
The foxfire hits the quokka but does no damage.
The quokka is almost dead.
The foxfire hits the quokka.
You kill the quokka!
You have reached level 2!
Your demonic ancestry asserts itself...
A menacing aura infuses your magic.
c - a scroll labelled KIERGH PORHIZ You now have 11 gold pieces.
You open the door.
There is an open door here.
There is a staircase leading out of the dungeon here.
Are you sure you want to leave the Dungeon?
This will make you lose the game!
You have escaped!

#..†.####♣# ♣≈.♣#
#.....#
#.###.#.♣#♣♣♣#
##....#
♣............# #†...#
♣...........#♣ #....#
#..#######..#
###.###♣..#.....#..##
#.#♣#...#.....#...♣#
#.##.♣..#.....#..#.#
#...♣...#...@.#...##
####≈♣..#.....#..##
##♣..##'#'##..♣
♣...........♣
#≈≈...........♣
###♣##♣.#.♣#♣#♣ ##.♣#
#♣♣


There were no monsters in sight!

Vanquished Creatures
  A hobgoblin (D:1)
  4 jackals (D:1)
  A quokka (D:1)
6 creatures vanquished.

Vanquished Creatures (others)
  22 foxfires (D:1)
22 creatures vanquished.

Grand Total: 28 creatures vanquished

Notes
Turn   | Place    | Note
-------+----------+-------------------------------------------
     0 | D:1      | Ashen the Demonspawn Fire Elementalist began the quest for
                  | the Orb.
     0 | D:1      | Reached XP level 1. HP: 13/13 MP: 3/3
   246 | D:1      | Gained mutation: Spells you cast may paralyse adjacent
                  | enemies. [demonic ancestry]
   246 | D:1      | Reached XP level 2. HP: 5/19 MP: 0/5
   306 | D:$      | Got out of the dungeon alive.

Illustrated notes

Levels and vault maps discovered:
D:1:      saegor_arrival_under_anarchy, layout_basic, serial_shops,
          nicolae_shop_window_shopping, ebering_ecumenical_altar_mist,
          minmay_misc_feat_columns

Action                   || total
-------------------------++-------
Melee: Unarmed           ||     3
 Cast: Foxfire           ||    12
Dodge: Dodged            ||     2
